 Dungeon Crawl Stone Soup version 0.19-a0-1675-gc11f27c (webtiles) character file.

88 Amciq the Skirmisher (level 4, 0/41 HPs)
             Began as a Hill Orc Fighter on Sept 23, 2016.
             Slain by Sigmund
             ... wielding a +0 scythe
              (4 damage)
             ... on level 2 of the Dungeon.
             The game lasted 00:03:04 (1136 turns).

Amciq the Skirmisher (Hill Orc Fighter)             Turns: 1136, Time: 00:03:05

Health: 0/41       AC:  7    Str: 19    XL:     4   Next: 53%
Magic:  4/4        EV:  7    Int:  8    God:
Gold:   89         SH:  0    Dex: 10    Spells: 0 memorised, 3 levels left

rFire  . . .     SeeInvis .     a - +0 war axe
rCold  . . .     Gourm    .     b - +0 scale mail
rNeg   . . .     Faith    .     c - +0 shield
rPois  .         Spirit   .     (no helmet)
rElec  .         Dismiss  .     (no cloak)
rCorr  .         Reflect  .     (no gloves)
MR     .....     Harm     .     (no boots)
Stlth  ..........               (no amulet)
                                (no ring)
                                (no ring)

@: confused
A: no striking features
a: no special abilities


You were on level 2 of the Dungeon.
You were not hungry.

You visited 1 branch of the dungeon, and saw 2 of its levels.

You collected 89 gold pieces.

Inventory:

Hand Weapons
 a - a +0 war axe (weapon)
Missiles
 l - 38 stones (quivered)
Armour
 b - a +0 scale mail (worn)
 c - a +0 shield (worn)
Scrolls
 e - a scroll of enchant weapon {unknown}
 g - a scroll of magic mapping {unknown}
 i - 2 scrolls of fog {unknown}
 j - 2 scrolls of amnesia {unknown}
 k - 2 scrolls of identify {unknown}
 m - a scroll of remove curse {unknown}
Potions
 d - a potion of lignification {unknown}
Comestibles
 f - a bread ration
 h - a slice of pizza


   Skills:
 * Level 4.8 Fighting
 * Level 2.9 Axes
 * Level 4.1 Armour
 + Level 0.5 Dodging
 * Level 3.7 Shields


You had 3 spell levels left.
You didn't know any spells.

Dungeon Overview and Level Annotations

Branches:
Dungeon (2/15)

Altars:

Annotations:
D:2 Sigmund


Message History

The adder bites you but does no damage.
You see here a chain mail.
You barely miss the adder. The adder bites you.
You hear some strange, mumbled words.
You are more confused.
The adder bites you but does no damage.
You're too confused to move!
Something hits you!
* * * LOW HITPOINT WARNING * * *
The adder bites you but does no damage.
You are too injured to fight recklessly!
You are too injured to fight recklessly!
You closely miss the adder. The adder bites you but does no damage.
Something hits you but does no damage. The adder bites you.
* * * LOW HITPOINT WARNING * * *
Things that are here:
a club; a goblin corpse The adder bites you.
* * * LOW HITPOINT WARNING * * *
Something hits you.
You die...

#....≈P≈................#
#...≈♣PPP.....#.........#
#..♣≈≈≈≈♣♣..#...........#
...♣≈≈♣PP≈♣.##..........#
..♣≈≈≈≈≈≈≈≈.##..).......#
.♣P≈♣P≈≈♣≈♣≈............#
.≈♣≈≈≈P≈≈≈≈♣≈...........#
≈♣≈≈P≈≈≈P≈≈≈≈.......######
♣≈♣≈♣≈≈≈≈P≈≈♣...@S).......
♣♣P≈≈≈≈≈≈≈≈≈≈....†[...####
♣♣P≈≈≈≈≈≈≈≈≈♣♣........#
≈≈≈≈≈≈≈≈≈≈≈≈≈≈........#
≈≈≈≈≈≈≈≈≈≈≈≈≈♣........#
≈≈≈≈≈≈≈≈≈≈≈≈≈♣........#
♣≈≈≈≈≈≈≈≈≈≈P ♣........#
♣≈≈≈≈≈≈≈ ≈≈ ♣........#
P≈≈≈≈≈≈≈ ♣........#


You could see an adder.

Vanquished Creatures
  Jessica (D:1)
  A gnoll (D:1)
  2 worms (D:1)
  2 dart slugs
  A leopard gecko (D:1)
  2 bats
  A giant cockroach (D:1)
  6 hobgoblins
  4 jackals
  3 frilled lizards (D:2)
  6 goblins
  5 kobolds
  8 rats
42 creatures vanquished.

Notes
Turn   | Place    | Note
-------+----------+-------------------------------------------
     0 | D:1      | Amciq the Hill Orc Fighter began the quest for the Orb.
     0 | D:1      | Reached XP level 1. HP: 19/19 MP: 1/1
   147 | D:1      | Reached XP level 2. HP: 27/27 MP: 2/2
   317 | D:1      | Reached XP level 3. HP: 26/33 MP: 3/3
   755 | D:2      | Noticed Jessica
   814 | D:1      | Killed Jessica
   814 | D:1      | Reached XP level 4. HP: 18/41 MP: 4/4
  1123 | D:2      | Noticed Sigmund
  1136 | D:2      | Slain by Sigmund

Vault maps used:
D:1:      lightli_arrival_statuegarden, st_stairs_12,
          kennysheep_decorative_pillar, hangedman_abyss_or_decor_lesser_grid
D:2:      serial_bayou_lake_a, uniq_jessica, uniq_sigmund

Skill      XL: |  1  2  3 |
---------------+----------+-----
Fighting       | 4 |  4.8
Armour         | 4 |  4.1
Axes           | |  2.9
Dodging        | |  0.5
Shields        | |  3.7

Action                   |  1- 3 |  4- 6 || total
-------------------------+-------+-------++-------
Melee: War axe           |    75 |    27 ||   102
Throw: Stone             |    11 |       ||    11
  Use: Potion            |     1 |       ||     1
  Eat: Chunk             |       |     1 ||     1
Armor: Scale mail        |    40 |    21 ||    61
Dodge: Dodged            |    39 |     6 ||    45
Block: Shield            |    40 |    11 ||    51
